 Dungeon Crawl Stone Soup version 0.30-a0-613-gdd512c7efb (webtiles) character file.

Game seed: 12112151645439625378

48 wormed the Trooper (level 4, -1/36 HPs)
             Began as a Formicid Chaos Knight on Jan 9, 2023.
             Was a Plaything of Xom.
             Slain by an iron imp (3 damage)
             ... summoned by Xom
             ... on level 3 of the Dungeon.
             The game lasted 00:03:11 (1590 turns).

wormed the Trooper (Formicid Chaos Knight)          Turns: 1590, Time: 00:03:11

Health: -1/36      AC:  6    Str: 18    XL:     4   Next: 0%
Magic:  4/4        EV: 10    Int: 12    God:    Xom [.....*]
Gold:   130        SH:  0    Dex: 15    Spells: 3/3 levels left

rFire   . . .      SeeInvis +    p - +5 whip of Kerr {freeze, *Slow rC+ Will+ Dex+2}
rCold   + . .      Faith    .    (no shield)
rNeg    . . .      Spirit   .    o - +0 scale mail
rPois   .          Reflect  .    (helmet unavailable)
rElec   .          Harm     .    (no cloak)
rCorr   .          Rampage  .    (no gloves)
Will    +....                    (no boots) Stlth
                                 (no amulet)
HPRegen 0.26/turn                (no ring)
MPRegen 0.09/turn                (no ring)

@: no status effects
A: permanent stasis, dig shafts and tunnels, antennae 3, four strong arms
a: Dig, Shaft Self, Renounce Religion


You were on level 3 of the Dungeon.
You worshipped Xom.
You were Xom's teddy bear.
You visited 1 branch of the dungeon, and saw 3 of its levels.

You collected 130 gold pieces.

Inventory:

Hand Weapons
 p - the +5 whip of Kerr (weapon) {freeze, *Slow rC+ Will+ Dex+2}
   (You found it on level 2 of the Dungeon)

   Dex:       It affects your dexterity (+2).
   rC:        It protects you from cold.
   *Slow:     It may slow you when you take damage.
   Will:      It increases your willpower.
Missiles
 m - 6 poisoned darts
Armour
 b - a +2 leather armour
 o - a +0 scale mail (worn)
Scrolls
 d - a scroll of magic mapping
Potions
 a - a potion of resistance {unknown}
 e - a potion of flight
 f - a potion of berserk rage {unknown}
 g - 3 potions of heal wounds {unknown}
 h - a potion of lignification {unknown}
 i - a potion of might {unknown}
 j - 3 potions of mutation {unknown}
 k - 2 potions of brilliance {unknown}
 l - 3 potions of curing {unknown}
Miscellaneous
 c - a piece from Xom's chessboard (15/15) (quivered)


   Skills:
 + Level 3.6 Fighting
 * Level 3.5 Axes
 + Level 2.6 Armour
 + Level 1.4 Dodging
 + Level 1.4 Shields


You had 3 spell levels left.
You didn't know any spells.
Your spell library contained the following spells:

 Spells                   Type           Power      Damage    Failure   Level
 Apportation              Tloc           0%         N/A       71%         1
 Necrotise                Necr           0%         1d4       71%         1
 Summon Small Mammal      Summ           0%         N/A       71%         1
 Call Canine Familiar     Summ           0%         N/A       97%         3
 Gell's Gravitas          Tloc           0%         N/A       97%         3
 Summon Guardian Golem    Hex/Summ       0%         N/A       97%         3
 Teleport Other           Tloc           0%         N/A       97%         3
 Dispersal                Tloc           0%         N/A       100%        6


Dungeon Overview and Level Annotations

Branches:
Dungeon (3/15)

Altars:


Innate Abilities, Weirdness & Mutations

You cannot be hasted, slowed, berserked, paralysed or teleported.
You can dig through walls and to a lower floor.
You have a pair of large antennae on your head. (SInv)
Your four strong arms can wield two-handed weapons with a shield.


Message History

There are monsters nearby!
There are monsters nearby!
There are monsters nearby!
The bat hits you but does no damage.
You hit the bat. You freeze the bat.
You kill the bat!
You barely miss the giant cockroach. The giant cockroach barely misses you.
You hit the giant cockroach. You freeze the giant cockroach.
You kill the giant cockroach!
You have reached level 4!
You feel clever.
No target in view!
n - a scroll labelled SIXUIKHLOAMY You now have 130 gold pieces (gained 12).
Xom is getting BORED.
You are now a BORING thing. "Let's see if it's strong enough to survive yet."
You are now Xom's teddy bear.
There are monsters nearby!
There are monsters nearby!
Press: ? - help, v - describe, . - travel
Here: an ice devil (summoned)
The floor.
You hit the crimson imp. You freeze the crimson imp.
The crimson imp is moderately wounded.
The crimson imp barely misses you.
You hit the ice devil.
The ice devil is lightly wounded.
The ice devil hits you. The ice devil freezes you! You resist.
The crimson imp barely misses you.
You hit the ice devil but do no damage.
The ice devil is lightly wounded.
The iron imp hits you. The crimson imp closely misses you.
The ice devil hits you. The ice devil freezes you! You resist.
* * * LOW HITPOINT WARNING * * *
As you read the scroll labelled SIXUIKHLOAMY, it crumbles to dust.
It is a scroll of amnesia.
You feel forgetful for a moment. The iron imp hits you.
You die... "Boring in life, boring in death..."

#.........##.#.###
#.......†......#
#.........#..#.#
#....[.......#.# ###########
##........#....# #.........#
#.....##.#....####.........#
#.....######...............#
####### #5..............#
#@4.............#
######.5.............#
#....#..........######
####....#..........#
#..................#
#..................#
#..................#
#########..........#
#..........#


You could see an ice devil (summoned), an iron imp (summoned) and a crimson imp
(summoned).

Vanquished Creatures
  An adder (D:2)
  2 dart slugs
  3 endoplasms (D:2)
  4 giant cockroaches
  2 hobgoblins (D:2)
  3 jackals (D:1)
  5 ball pythons
  5 bats
  7 kobolds
  2 rats
34 creatures vanquished.

Notes
Turn   | Place    | Note
-------+----------+-------------------------------------------
     0 | D:1      | wormed the Formicid Chaos Knight began the quest for the
                  | Orb.
     0 | D:1      | Reached XP level 1. HP: 18/18 MP: 1/1
   236 | D:1      | XOM: silly message
   298 | D:1      | Reached skill level 1 in Dodging
   439 | D:1      | Reached XP level 2. HP: 20/24 MP: 2/2
   694 | D:2      | Reached skill level 1 in Shields
   821 | D:2      | Reached XP level 3. HP: 29/29 MP: 3/3
   851 | D:2      | Found a faded altar of an unknown god.
  1199 | D:2      | Identified the +5 whip of Kerr {freeze, *Slow rC+ Will+
                  | Dex+2}
  1525 | D:3      | XOM: enchant monster (bad)
  1548 | D:3      | Reached XP level 4. HP: 36/36 MP: 4/4
  1586 | D:3      | XOM is BORED!
  1586 | D:3      | XOM: summons 3 hostile demons
  1587 | D:3      | Noticed an ice devil
  1590 | D:3      | Slain by an iron imp

Illustrated notes

Levels and vault maps discovered:
D:1:      scummos_arrival_gate, layout_rooms, nrook_uturn
D:2:      layout_loops_ring, hellmonk_ecumenical_altar_prayer_group
D:3:      layout_basic, lightli_corner_chamber

Skill      XL: |  1  2 |
---------------+-------+-----
Dodging        | 1 |  1.4
Shields        | 1 |  1.4
Fighting       | |  3.6
Axes           | |  3.5
Armour         | |  2.6

Action                   |  1- 3 |  4- 6 || total
-------------------------+-------+-------++-------
Melee: Hand axe          |    89 |       ||    89
       Whip              |    11 |     3 ||    14
  Use: Scroll            |     4 |     1 ||     5
Armor: Leather armour    |    32 |       ||    32
       Scale mail        |    20 |       ||    20
Dodge: Dodged            |    60 |     3 ||    63

Table legend: (Time is in decaauts)
 A = Elapsed time spent in this place.
 B = Non-inter-level travel time spent in this place.
 C = Inter-level travel time spent in this place.
 D = Time resting spent in this place.
 E = Time spent auto-exploring this place.
 F = Levels seen in this place.
 G = Mean time per level.
                   A        B        C        D        E       F      G
               +--------+--------+--------+--------+--------+-----+--------+
         Total |   1601 |   1493 |    108 |      0 |   1188 |   3 |  533.7 |
       Dungeon |   1601 |   1493 |    108 |      0 |   1188 |   3 |  533.7 |
               +--------+--------+--------+--------+--------+-----+--------+

Top non-repeatable levels by time:
     D:2: 859 daAuts
     D:1: 557 daAuts
     D:3: 184 daAuts
